 Dungeon Crawl Stone Soup version 0.23.2-33-g5129a83184 (webtiles) character file.

Game seed: 12133910997104898653

1390 JNO the Cleaver (level 8, 73/73 HPs)
             Began as a Hill Orc Fighter on Feb 17, 2019.
             Quit the game on level 6 of the Dungeon on July 10, 2019.
             The game lasted 00:18:21 (4655 turns).

JNO the Cleaver (Hill Orc Fighter)                  Turns: 4655, Time: 00:18:21

Health: 73/73      AC:  8    Str: 21    XL:     8   Next: 68%
Magic:  8/8        EV:  7    Int:  8    God:
Gold:   298        SH:  9    Dex: 10    Spells: 7/7 levels left

rFire    . . .     SeeInvis .   a - +0 war axe
rCold    . . .     Gourm    .   c - +0 shield
rNeg     + . .     Faith    .   b - +0 scale mail
rPois    .         Spirit   .   (no helmet)
rElec    .         Reflect  .   (no cloak)
rCorr    .         Harm     .   h - +0 pair of gloves
MR       .....                  (no boots)
Stlth    ..........             (no amulet)
HPRegen  0.22/turn              m - +5 ring of slaying
MPRegen  0.11/turn              y - ring of positive energy

@: no status effects
A: no striking features
a: no special abilities


You were on level 6 of the Dungeon.
You were very hungry.

You visited 1 branch of the dungeon, and saw 6 of its levels.
You also visited: Ossuary.

You collected 298 gold pieces.

Inventory:

Hand Weapons
 a - a +0 war axe (weapon)
 p - a +0 hunting sling
Missiles
 i - 141 stones (quivered)
 k - 15 tomahawks
 x - 90 arrows
Armour
 b - a +0 scale mail (worn)
 c - a +0 shield (worn)
 h - a +0 pair of gloves (worn)
 q - a +0 robe
 A - a +0 buckler
Jewellery
 m - a +5 ring of slaying (left hand)
 y - a ring of positive energy (right hand)
 B - a +6 ring of intelligence
 C - an uncursed ring of magical power
 E - an uncursed ring of positive energy
 I - an uncursed amulet of regeneration {unknown}
Wands
 d - a wand of flame (41)
 r - a wand of acid (9)
 z - a wand of digging (4)
 F - a wand of random effects (13)
Scrolls
 e - 2 scrolls of fog {unknown}
 j - 3 scrolls of identify
 l - 2 scrolls of amnesia
 n - a scroll of remove curse
 o - 2 scrolls of magic mapping {unknown}
 s - 2 scrolls of teleportation {unknown}
 t - 3 scrolls of immolation {unknown}
 u - 2 scrolls of random uselessness {unknown}
 D - a scroll of fear
Potions
 g - 3 potions of lignification {unknown}
 v - a potion of agility {unknown}
 w - a potion of heal wounds
 G - a potion of haste
 H - 2 potions of curing {unknown}
Comestibles
 f - 7 rations


   Skills:
 + Level 7.3 Fighting
 + Level 11.4 Axes
 - Level 3.6 Armour
 - Level 3.5 Shields


You had 7 spell levels left.
You didn't know any spells.
Your spell library was empty.

Dungeon Overview and Level Annotations

Branches:
Dungeon (6/15)
 Temple: D:4-7

Altars:
Qazlal
Ru
Uskayaw
Zin

Annotations:
D:2 Sigmund


Message History

You slash the adder!
You kill the adder!
Found a golden potion and a ring mail.
You see here an adder corpse.
d - a wand of flame (41) (gained 24 charges)
H - 2 golden potions (gained 1)
I - a blackened silver amulet Unknown command.
Welcome back, JNO the Hill Orc Fighter.
Press ? for a list of commands and other information.
Unknown command.
You see here a ring mail.
Unknown command.
Okay, then.
Okay, then.
Quiver which item? (- for none, * to show all) (? for menu, Esc to quit)
Okay, then.
Sorry, you're not good enough to have a special ability.
Unknown command.
Are you sure you want to abandon this character and quit the game? (Confirm with "yes".)

### #####
#.###..[##
#.#......#
#........#
#.....@..#
#........#
##.......#
#.##..^##
#†######
#..# ##.#
#####.#####
#.........#


There were no monsters in sight!

Vanquished Creatures
  Pikel (D:5)
  Edmund (D:5)
  A slave (D:5)
  An ogre (D:5)
  A centaur (D:5)
  2 elf zombies (Ossuary)
  A centaur zombie (Ossuary)
  A centaur skeleton (D:5)
  A human zombie (Ossuary)
  An orc priest (D:3)
  A bullfrog skeleton (D:5)
  Jessica (D:2)
  Ijyb (D:5)
  2 worker ants (D:4)
  A big kobold zombie (Ossuary)
  2 mummies (Ossuary)
  A worker ant zombie (D:5)
  7 adders
  2 river rats (D:5)
  A shadow imp (D:4)
  3 adder zombies (Ossuary)
  5 worms
  A dart slug (D:3)
  6 leopard geckos
  11 orcs
  7 bats
  5 giant cockroaches
  4 goblins
  5 hobgoblins
  2 quokkas
  A ball python (D:4)
  5 frilled lizards
  2 goblin zombies (Ossuary)
  8 hobgoblin zombies (Ossuary)
  A jackal zombie (Ossuary)
  7 kobolds
  8 kobold zombies (Ossuary)
  9 orc zombies (Ossuary)
  8 rats
128 creatures vanquished.

Notes
Turn   | Place    | Note
-------+----------+-------------------------------------------
     0 | D:1      | JNO the Hill Orc Fighter began the quest for the Orb.
     0 | D:1      | Reached XP level 1. HP: 19/19 MP: 1/1
   235 | D:1      | Reached XP level 2. HP: 27/27 MP: 2/2
   509 | D:2      | Noticed Jessica
   524 | D:2      | Killed Jessica
   524 | D:2      | Reached skill level 3 in Axes
   524 | D:2      | Reached XP level 3. HP: 23/34 MP: 3/3
   765 | D:2      | Reached skill level 4 in Axes
   765 | D:2      | Reached XP level 4. HP: 32/41 MP: 4/4
   967 | D:2      | Noticed Sigmund
  1036 | D:2      | HP: 1/41 [something (4)]
  1460 | D:3      | Found a glowing silver altar of Zin.
  1748 | D:3      | Reached skill level 5 in Axes
  1748 | D:3      | Reached XP level 5. HP: 46/47 MP: 5/5
  1914 | D:3      | Found a sacrificial altar of Ru.
  1978 | D:3      | Found a faded altar of an unknown god.
  2160 | D:4      | Found a sand-covered staircase.
  2166 | Ossuary  | Entered an ossuary
  2301 | Ossuary  | Reached skill level 5 in Fighting
  2301 | Ossuary  | Reached skill level 6 in Axes
  2301 | Ossuary  | Reached XP level 6. HP: 49/56 MP: 6/6
  2342 | Ossuary  | Reached skill level 7 in Axes
  2513 | D:4      | Reached XP level 7. HP: 52/61 MP: 7/7
  2573 | D:4      | Found a hide-covered altar of Uskayaw.
  2664 | D:4      | Reached skill level 8 in Axes
  3337 | D:4      | Found a stormy altar of Qazlal.
  3618 | D:5      | Entered Level 5 of the Dungeon
  3839 | D:5      | Noticed Edmund
  3855 | D:5      | Killed Edmund
  3855 | D:5      | Reached skill level 9 in Axes
  3955 | D:5      | Noticed Pikel
  3974 | D:5      | Killed Pikel
  3974 | D:5      | Reached skill level 10 in Axes
  3974 | D:5      | Reached XP level 8. HP: 71/71 MP: 8/8
  4105 | D:5      | Noticed Ijyb
  4114 | D:5      | Killed Ijyb
  4194 | D:5      | Reached skill level 11 in Axes
  4643 | D:6      | Upgraded the game from 0.23.0 to 0.23.2-33-g5129a83184
  4655 | D:6      | Quit the game

Skill      XL: |  1  2  3  4  5  6  7  8 |
---------------+-------------------------+-----
Fighting       | 4 5 6 7 |  7.3
Axes           | 3 4 5 6 7 10 11 | 11.4
Armour         | |  3.6
Shields        | |  3.5

Action                   |  1- 3 |  4- 6 |  7- 9 || total
-------------------------+-------+-------+-------++-------
Melee: War axe           |    52 |   147 |   105 ||   304
Throw: Stone             |    17 |     1 |     8 ||    26
  Use: Potion            |     1 |     6 |     2 ||     9
       Scroll            |       |     5 |     2 ||     7
  Eat: Ration            |       |     2 |     1 ||     3
       Chunk             |       |     1 |       ||     1
Armor: Scale mail        |    21 |    65 |    24 ||   110
Dodge: Dodged            |    17 |    35 |    19 ||    71
Block: Shield            |    27 |    71 |    32 ||   130
